 Dungeon Crawl Stone Soup version 0.16.0-17-g811c1d7 (webtiles) character file.

336 valak23 the Caller (level 6, -4/33 HPs)
             Began as a Tengu Summoner on Mar 21, 2015.
             Was a Priest of Cheibriados.
             Killed from afar by an orc wizard (11 damage)
             ... with a puff of flame
             ... on level 4 of the Dungeon.
             The game lasted 00:18:38 (3936 turns).

valak23 the Caller (Tengu Summoner)                 Turns: 3936, Time: 00:18:38

Health: -4/33      AC:  2    Str: 16    XL:     6   Next: 54%
Magic:  6/13       EV: 19    Int: 26    God:    Cheibriados [***...]
Gold:   215        SH:  0    Dex: 22    Spells: 2 memorised, 5 levels left

rFire  . . .     SeeInvis .     d - +0 mace
rCold  . . .     Clarity  .     a - +0 robe
rNeg   . . .     SustAb   .     (no shield)
rPois  .         Gourm    .     (helmet restricted)
rElec  .         Spirit   .     (no cloak)
rCorr  .         Warding  .     (no gloves)
rMut   .         Stasis   .     (boots unavailable)
MR     .....                    (no amulet)
Stlth  +++.......               (no ring)
                                i - +5 ring of evasion

@: very slow, not resistant to hostile enchantments, fairly stealthy
A: able to fly, beak, talons 3
a: Fly, Bend Time, Temporal Distortion, Renounce Religion


You were on level 4 of the Dungeon.
You worshipped Cheibriados.
Cheibriados was most pleased with you.
You were not hungry.

You visited 1 branch of the dungeon, and saw 4 of its levels.

You collected 215 gold pieces.

Inventory:

Hand weapons
 d - a +0 mace (weapon)
Armour
 a - a +0 robe (worn)
 e - a +1 scale mail of fire resistance
Jewellery
 i - a +5 ring of evasion (left hand)
Scrolls
 f - a scroll of noise
 g - 2 scrolls of teleportation
 h - 4 scrolls of remove curse
 m - 2 scrolls of magic mapping {unknown}
Potions
 c - a potion of brilliance {unknown}
 j - a potion of cure mutation {unknown}
 k - 2 potions of haste {unknown}
 n - a potion of degeneration {unknown}
 o - a potion of cancellation {unknown}
 p - a potion of lignification {unknown}
Books
 b - a book of Callings

   Spells                             Type                      Level
   a - Summon Small Mammal            Summoning                    1
   b - Call Imp                       Summoning                    2
   c - Call Canine Familiar           Summoning                    3
   d - Summon Guardian Golem          Hexes/Summoning              4
   e - Summon Lightning Spire         Summoning/Air                4
   f - Summon Ice Beast               Ice/Summoning                4
Comestibles
 l - 3 fruits


   Skills:
 + Level 0.8 Fighting
 + Level 1.5 Maces & Flails
 + Level 3.2 Dodging
 + Level 3.0 Stealth
 + Level 2.9 Spellcasting
 * Level 7.2 Summonings
 + Level 0.5 Ice Magic


You had 5 spell levels left.
You knew the following spells:

 Your Spells              Type           Power        Failure   Level  Hunger
a - Summon Small Mammal   Summ           ####         1%          1    None
b - Summon Ice Beast      Ice/Summ       ###.....     21%         4    ####...


Dungeon Overview and Level Annotations

Branches:
Dungeon (4/15)
 Temple: D:4-7

Altars:
Cheibriados
Xom


Innate Abilities, Weirdness & Mutations

You can fly.
You have a beak for a mouth.
You have claws for feet.


Message History

An orc wizard comes into view. It is wielding a dagger.
The orc wizard hits your ice beast but does no damage.
Your ice beast barely misses the orc wizard.
The orc wizard hits your ice beast but does no damage.
The puff of flame hits your ice beast.
Your ice beast melts!
Your ice beast closely misses the orc wizard.
The orc wizard gestures at you while chanting.
Your ice beast resists with some effort.
An orc comes into view. It is wielding a war axe.
You feel sick.
You are no longer poisoned.
Your ice beast closely misses the orc wizard.
The orc wizard misses your ice beast.
An orc wizard comes into view. It is wielding a dagger.
Your ice beast hits the orc wizard.
Your ice beast freezes the orc wizard!
The orc wizard hits your ice beast with a dagger.
The orc wizard casts a spell at you. The puff of flame hits you!
You die...

####........##
#............#
#....####..##.....
.......##..# ##.
#.###......## ##
#.# ###....#
.##..# ###..##
....# #...## ....#
#...@## ....#
#.##))## ....##
#.. ##>)# .....#
#.# ##.Y# .....##
.# #.o..
......#####.##
o...#
....†........#
o#..#
.......####..#
##.# .......# .


You could see 2 orc wizards and a friendly ice beast.

Vanquished Creatures
  A hound (D:4)
  A worker ant (D:4)
  Terence (D:2)
  6 adders
  A gnoll (D:3)
  2 giant mites
  2 worms (D:2)
  7 orcs
  5 bats
  A giant cockroach (D:4)
  6 hobgoblins
  A ball python (D:2)
  2 giant geckos
  9 goblins
  3 jackals (D:3)
  10 kobolds
  2 quokkas
  8 rats
68 creatures vanquished.

Vanquished Creatures (collateral kills)
  An ogre (D:4)
  An orc wizard (D:4)
  A worker ant (D:4)
  5 gnolls
  An adder (D:2)
  2 giant mites
  A giant gecko (D:2)
  7 orcs (D:4)
  A giant cockroach (D:2)
  A hobgoblin (D:2)
  A ball python skeleton (D:4)
  A giant newt (D:2)
  3 goblins
  4 kobolds
  3 rats
33 creatures vanquished.

Vanquished Creatures (others)
  An ice beast (D:4)
  8 quokkas
  3 bats
  2 rats (D:3)
14 creatures vanquished.

Grand Total: 115 creatures vanquished

Notes
Turn   | Place    | Note
--------------------------------------------------------------
     0 | D:1      | valak23, the Tengu Summoner, began the quest for the Orb.
     0 | D:1      | Reached XP level 1. HP: 10/10 MP: 3/3
    87 | D:1      | Reached skill level 5 in Summonings
   253 | D:1      | Found a snail-covered altar of Cheibriados.
   308 | D:1      | Reached XP level 2. HP: 15/15 MP: 5/5
   682 | D:1      | Became a worshipper of Cheibriados the Contemplative
   690 | D:1      | You fall through a shaft!
   706 | D:2      | Reached XP level 3. HP: 2/19 MP: 2/7
   800 | D:2      | Found a shimmering altar of Xom.
   964 | D:2      | Reached XP level 4. HP: 13/24 MP: 8/8
  1054 | D:2      | Acquired Cheibriados' first power
  1061 | D:2      | Learned a level 4 spell: Summon Ice Beast
  1254 | D:2      | Noticed Terence
  1266 | D:2      | Killed Terence
  1654 | D:3      | Reached skill level 1 in Maces & Flails
  1798 | D:3      | Reached skill level 6 in Summonings
  1874 | D:3      | Reached XP level 5. HP: 25/28 MP: 11/11
  2158 | D:3      | HP: 1/28 [poisoned by an adder]
  3102 | D:4      | Noticed an ogre
  3110 | D:4      | Killed an ogre
  3110 | D:4      | Reached XP level 6. HP: 33/33 MP: 4/13
  3285 | D:4      | Acquired Cheibriados' second power
  3349 | D:4      | Reached skill level 7 in Summonings
  3936 | D:4      | Killed from afar by an orc wizard

Action                   |  1- 3 |  4- 6 || total
-------------------------+-------+-------++-------
Melee: Mace              |    44 |   133 ||   177
 Cast: Summon Small Mamm |    14 |    35 ||    49
       Summon Ice Beast  |       |    12 ||    12
  Use: Potion            |     2 |       ||     2
       Scroll            |       |     5 ||     5
 Stab: Sleeping          |     1 |     3 ||     4
  Eat: Bread ration      |       |     3 ||     3
